 Dungeon Crawl Stone Soup version 0.21.0-25-ge575cb9 (webtiles) character file.

104 Mgcat the Ruffian (level 4, -1/35 HPs)
             Began as a Draconian Transmuter on Jan 23, 2018.
             Slain by an orc
             ... wielding a cursed -2 club
              (2 damage)
             ... on level 3 of the Dungeon.
             The game lasted 00:07:54 (2075 turns).

Mgcat the Ruffian (Draconian Transmuter)            Turns: 2075, Time: 00:07:55

Health: -1/35      AC:  6    Str: 13    XL:     4   Next: 52%
Magic:  6/7        EV: 12    Int: 14    God:
Gold:   120        SH:  0    Dex: 11    Spells: 1/7 levels left

rFire    . . .     SeeInvis .   j - +0 short sword (drain)
rCold    . . .     Gourm    .   (no shield)
rNeg     . . .     Faith    .   (armour unavailable)
rPois    .         Spirit   .   (helmet restricted)
rElec    .         Reflect  .   h - scarf {cloud immunity}
rCorr    .         Harm     .   (no gloves)
MR       .....                  o - +0 pair of boots
Stlth    +.........             (no amulet)
HPRegen  0.11/turn              (no ring)
MPRegen  0.10/turn              (no ring)

@: appendage (expiring)
A: unfitting armour, horns 2, cold-blooded, AC +5
a: End Transformation


You were on level 3 of the Dungeon.
You were not hungry.
You had grown temporary horns.
You visited 1 branch of the dungeon, and saw 3 of its levels.

You collected 120 gold pieces.

Inventory:

Hand Weapons
 j - a +0 short sword of draining (weapon)
Missiles
 a - 35 arrows
Armour
 h - a scarf of cloud immunity (worn)
 o - a +0 pair of boots (worn)
Jewellery
 n - a cursed -2 ring of strength {unknown}
Scrolls
 d - 2 scrolls of immolation
 g - a scroll of remove curse
Potions
 e - 2 potions of brilliance
 f - a potion of heal wounds {unknown}
 i - a potion of degeneration {unknown}
 k - a potion of might {unknown}
 l - a potion of agility {unknown}
 p - a potion of mutation {unknown}
Books
 b - a book of Changes

   Spells                             Type                      Level
   a - Beastly Appendage              Transmutation                1
   b - Sticks to Snakes               Transmutation                2
   c - Spider Form                    Transmutation/Poison         3
   d - Ice Form                       Ice/Transmutation            4
   e - Blade Hands                    Transmutation                5
Comestibles
 c - 4 rations


   Skills:
 - Level 1.1 Fighting
 - Level 1.7 Dodging
 - Level 5.0 Unarmed Combat
 + Level 2.2 Spellcasting
 + Level 2.2 Transmutations
 + Level 0.7 Poison Magic


You had one spell level left.
You knew the following spells:

 Your Spells              Type           Power        Failure   Level  Hunger
a - Beastly Appendage     Tmut           #.....       10%         1    #......
b - Sticks to Snakes      Tmut           #.......     14%         2    ###....
c - Spider Form           Tmut/Pois      #.........   36%         3    ###....


Dungeon Overview and Level Annotations

Branches:
Dungeon (3/15)

Altars:
Qazlal
Zin


Innate Abilities, Weirdness & Mutations

Your plain brown scales are hard. (AC +5)
You cannot fit into any form of body armour.
You are cold-blooded and may be slowed by cold attacks.
You have a pair of horns on your head.


Message History

You closely miss the orc.
The orc is almost dead.
The orc priest hits you but does no damage.
The orc hits you but does no damage. The orc closely misses you.
The orc hits you. The orc barely misses you.
The orc hits you but does no damage. x2
Unknown command.
Unknown command.
You hit the orc but do no damage.
The orc is almost dead.
The orc priest invokes the aid of Beogh against you.
Beogh smites you!
* * * LOW HITPOINT WARNING * * *
The orc barely misses you. The orc hits you with a dagger.
* * * LOW HITPOINT WARNING * * *
The orc completely misses you. The orc hits you but does no damage.
The orc hits you with a falchion.
* * * LOW HITPOINT WARNING * * *
The orc hits you with a club.
You die...

############
#..........#
#..........#
#$.o.o.....#
#..o@os....+
#..ooo.....#
#..........#
#..........#
####....####
#....#
#....#
#....#


You could see an orc priest, 6 orcs and a giant cockroach.

Vanquished Creatures
  Jessica (D:2)
  2 adders (D:2)
  2 oozes
  2 worms (D:2)
  2 dart slugs (D:1)
  2 leopard geckos (D:1)
  4 bats
  2 giant cockroaches
  2 goblins
  4 hobgoblins
  3 kobolds
  3 quokkas (D:2)
  2 ball pythons
  7 frilled lizards
  4 rats
42 creatures vanquished.

Notes
Turn   | Place    | Note
-------+----------+-------------------------------------------
     0 | D:1      | Mgcat the Draconian Transmuter began the quest for the Orb.
     0 | D:1      | Reached XP level 1. HP: 16/16 MP: 3/3
   238 | D:1      | Reached XP level 2. HP: 23/23 MP: 5/5
   493 | D:1      | Reached skill level 4 in Unarmed Combat
   863 | D:1      | Reached XP level 3. HP: 28/28 MP: 6/6
  1142 | D:2      | Found a stormy altar of Qazlal.
  1181 | D:2      | Learned a level 2 spell: Sticks to Snakes
  1185 | D:2      | Learned a level 3 spell: Spider Form
  1208 | D:2      | Noticed Jessica
  1216 | D:2      | Killed Jessica
  1306 | D:2      | Reached XP level 4. HP: 35/35 MP: 7/7
  1343 | D:2      | Reached skill level 5 in Unarmed Combat
  1667 | D:2      | Found a glowing silver altar of Zin.
  2075 | D:3      | HP: 1/35 [orc/falchion (6)]
  2075 | D:3      | Slain by an orc

Skill      XL: |  1  2  3  4 |
---------------+-------------+-----
Unarmed Combat | 4 5 |  5.0
Fighting       | |  1.1
Dodging        | |  1.7
Spellcasting   | |  2.2
Transmutations | |  2.2
Poison Magic   | |  0.7

Action                   |  1- 3 |  4- 6 || total
-------------------------+-------+-------++-------
Melee: Unarmed           |    53 |    30 ||    83
       Tailslap          |    10 |     4 ||    14
       Whip              |    43 |       ||    43
       Punch             |     2 |     1 ||     3
       Kick              |     1 |       ||     1
       Short sword       |       |    34 ||    34
       Headbutt          |       |     1 ||     1
 Cast: Beastly Appendage |     1 |     1 ||     2
  Use: Scroll            |     3 |     2 ||     5
 Stab: Sleeping          |       |     1 ||     1
  Eat: Chunk             |     1 |     3 ||     4
Armor: Skin              |    28 |    20 ||    48
Dodge: Dodged            |    60 |    53 ||   113
